 Dungeon Crawl Stone Soup version 0.29-a0-398-ge13fd1374b (webtiles) character file.

Game seed: 981334745109523484

329 pyrow613 the Conjurer (level 6, -3/46 (48) HPs)
             Began as a Demigod Conjurer on May 12, 2022.
             Slain by a wight
             ... wielding a +2 battleaxe
              (17 damage)
             ... on level 4 of the Dungeon.
             The game lasted 00:09:27 (3705 turns).

pyrow613 the Conjurer (Demigod Conjurer)            Turns: 3705, Time: 00:09:28

HP:   -3/46 (48)    AC:  4    Str:  8    XL:     6   Next: 4%
MP:   5/13          EV: 12    Int: 28    God:
Gold: 126           SH:  0    Dex: 12    Spells: 7/10 levels left

rFire   . . .      SeeInvis .   d - +0 hunting sling
rCold   . . .      Faith    .   (no shield)
rNeg    . . .      Spirit   .   a - +0 robe
rPois   .          Reflect  .   (no helmet)
rElec   .          Harm     .   h - +0 cloak
rCorr   .          Rampage  .   s - +0 pair of gloves
Will    .....                   (no boots)
Stlth   ++........              (no amulet)
HPRegen 0.15/turn               (no ring)
MPRegen 0.13/turn               (no ring)

@: lightly drained
A: high MP 1, forlorn, divine attributes
a: no special abilities


You were on level 4 of the Dungeon.
You visited 1 branch of the dungeon, and saw 4 of its levels.

You collected 126 gold pieces.

Inventory:

Hand Weapons
 d - a +0 hunting sling (weapon)
 p - a +1 vampiric whip
Missiles
 q - 6 poisoned darts
Armour
 a - a +0 robe (worn)
 h - a +0 cloak (worn)
 s - a +0 pair of gloves (worn)
Jewellery
 r - a ring of ice
Scrolls
 c - 2 scrolls of enchant armour {unknown}
 e - a scroll of torment {unknown}
 g - a scroll of noise {unknown}
 i - a scroll of magic mapping {unknown}
 k - a scroll of enchant weapon {unknown}
 o - a scroll of blinking {unknown}
Potions
 b - a potion of magic
 f - a potion of mutation {unknown}
 j - a potion of heal wounds {unknown}
 l - 2 potions of curing {unknown}
 m - a potion of degeneration {unknown}
 n - a potion of haste {unknown}
 t - a potion of might {unknown}


   Skills:
 + Level 1.9 Fighting
 + Level 2.9 Dodging
 + Level 3.1 Stealth
 + Level 2.8 Spellcasting
 * Level 4.9 Conjurations


You had 7 spell levels left.
You knew the following spells:

 Your Spells              Type           Power      Damage    Failure   Level
a - Magic Dart            Conj           100%       1d8       1%          1
b - Searing Ray           Conj           62%        2d6       1%          2

Your spell library contained the following spells:

 Spells                   Type           Power      Damage    Failure   Level
 Slow                     Hex            12%        N/A       9%          1
 Dazzling Flash           Conj/Hex       34%        N/A       9%          3
 Confusing Touch          Hex            3%         N/A       26%         3
 Vampiric Draining        Necr           3%         2d6       26%         3
 Fulminant Prism          Conj/Hex       8%         3d7       30%         4
 Iskenderun's Mystic Bla  Conj/Tloc      17%        2d5       30%         4


Dungeon Overview and Level Annotations

Branches:
Dungeon (4/15)
 Temple: D:4-7

Shops:
D:1 (   D:2 [


Innate Abilities, Weirdness & Mutations

You have an increased reservoir of magic. (+10% MP)
You shall have no god before yourself.
Your divine heritage dramatically boosts your attributes as you level up.


Message History

Press: ? - help, Shift-Dir - straight line, f - wight
Aim: a wight, wielding a +2 battleaxe and wearing a +0 robe (79% to hit)
The searing ray hits the wight.
The wight is lightly damaged. (Press . to maintain the ray.) Unknown command.
The searing ray misses the wight.
The wight hits you with a +2 battleaxe!
The searing ray hits the wight.
The wight is moderately damaged.
The searing ray hits the iguana.
The iguana is moderately wounded.
The wight hits you with a +2 battleaxe!!
You feel drained.
* * * LOW HITPOINT WARNING * * *
The searing ray misses the wight.
The searing ray hits the iguana.
The iguana is heavily wounded.
You finish channelling your searing ray.
The wight misses you.
Sorry, you're not good enough to have a special ability.
Casting: Searing Ray (safe; 1% risk of failure)
Confirm with . or Enter, or press ? or * to list all spells.
You don't know that spell.
Casting: Searing Ray (safe; 1% risk of failure)
Confirm with . or Enter, or press ? or * to list all spells.
You don't know that spell.
Casting: Searing Ray (safe; 1% risk of failure)
Confirm with . or Enter, or press ? or * to list all spells.
Aiming: Searing Ray (safe; 1% risk of failure)
Press: ? - help, Shift-Dir - straight line, f - iguana, p - wight
Aim: an iguana (heavily wounded, 82% to hit)
The searing ray hits the wight.
The wight is heavily damaged.
The searing ray hits the iguana.
The iguana is heavily wounded. (Press . to maintain the ray.)
The wight completely misses you.
The searing ray hits the wight.
The wight is heavily damaged.
The iguana closely misses you. The wight hits you with a +2 battleaxe!
You die...

............#.##.#.
................ ..
.###.#..##.##.##.#.
#[#..##.# .# #
#.###....##.##.##.#
#.......)..........
#.###.#.###.##.###
##.#.###.##.####
#......@z.......
#..#.###l#######
...#.# #.# .#..#.#
#.# ....... ... #.#
... #.#


You could see an iguana and a wight.

Vanquished Creatures
  2 wights (D:4)
  An orc priest (D:3)
  4 gnolls (D:3)
  8 adders
  A worm (D:2)
  3 dart slugs
  4 orcs (D:3)
  5 ball pythons
  6 bats
  10 endoplasms
  A giant cockroach (D:1)
  7 goblins
  6 hobgoblins
  4 quokkas
  4 frilled lizards
  7 kobolds
  6 rats
79 creatures vanquished.

Notes
Turn   | Place    | Note
-------+----------+-------------------------------------------
     0 | D:1      | pyrow613 the Demigod Conjurer began the quest for the Orb.
     0 | D:1      | Reached XP level 1. HP: 14/14 MP: 5/5
   112 | D:1      | Reached XP level 2. HP: 12/20 MP: 2/7
   625 | D:1      | Found Vuegh's Weapon Boutique.
  1021 | D:1      | Reached XP level 3. HP: 27/27 MP: 8/8
  1186 | D:2      | Learned a level 2 spell: Searing Ray
  1255 | D:2      | Reached skill level 4 in Conjurations
  1869 | D:2      | Found Radiv's Armour Shoppe.
  2156 | D:3      | Reached skill level 1 in Fighting
  2157 | D:3      | Reached XP level 4. HP: 35/35 MP: 1/10
  2554 | D:3      | Reached XP level 5. HP: 40/40 MP: 8/11
  3633 | D:4      | Reached XP level 6. HP: 42/48 MP: 4/13
  3705 | D:4      | Slain by a wight

Illustrated notes

Levels and vault maps discovered:
D:1:      wander_arrival_lonely_grave, layout_basic, serial_shops,
          nicolae_shop_bloodbath_and_beyond, ebering_ecumenical_altar_hall
D:2:      layout_loops_ring, serial_shops, shop
D:3:      layout_basic, lemuel_doored_altar, minmay_misc_feat_pillars
D:4:      layout_basic, gup_sewer_entry_spiral, serial_shops,
          kennysheep_mini_moat, uniq_duvessa

Skill      XL: |  1  2  3  4  5 |
---------------+----------------+-----
Stealth        | 2 3 |  3.1
Dodging        | 2 |  2.9
Spellcasting   | 2 |  2.8
Conjurations   | 4 |  4.9
Fighting       | 1 |  1.9

Action                   |  1- 3 |  4- 6 || total
-------------------------+-------+-------++-------
 Fire: Hunting sling     |    76 |    45 ||   121
 Cast: Magic Dart        |    34 |    18 ||    52
       Searing Ray       |     6 |    10 ||    16
Armor: Robe              |    18 |     1 ||    19
Dodge: Dodged            |    63 |    11 ||    74

Table legend: (Time is in decaauts)
 A = Elapsed time spent in this place.
 B = Non-inter-level travel time spent in this place.
 C = Inter-level travel time spent in this place.
 D = Time resting spent in this place.
 E = Time spent auto-exploring this place.
 F = Levels seen in this place.
 G = Mean time per level.
                   A        B        C        D        E       F      G
               +--------+--------+--------+--------+--------+-----+--------+
         Total |   3765 |   3666 |     99 |    505 |   2632 |   4 |  941.2 |
       Dungeon |   3765 |   3666 |     99 |    505 |   2632 |   4 |  941.2 |
               +--------+--------+--------+--------+--------+-----+--------+

Top non-repeatable levels by time:
     D:3: 1322 daAuts
     D:1: 1201 daAuts
     D:2: 1041 daAuts
     D:4: 199 daAuts
